 Dungeon Crawl Stone Soup version 0.28-a0-1184-g53156a8862 (webtiles) character file.

Game seed: 9216859930839106689

181 flotson the Ducker (level 5, -1/41 HPs)
             Began as a Demonspawn Gladiator on Dec 17, 2021.
             Was an Initiate of Yredelemnul.
             Slain by a hobgoblin (4 damage)
             ... on level 4 of the Dungeon.
             The game lasted 00:05:31 (3821 turns).

flotson the Ducker (Demonspawn Gladiator)           Turns: 3821, Time: 00:05:32

Health: -1/41      AC:  6    Str: 16      XL:     5   Next: 34%
Magic:  6/6        EV: 12    Int:  8 (10) God:    Yredelemnul [......]
Gold:   131        SH:  0    Dex: 14      Spells: 4/4 levels left

rFire   + . .      SeeInvis .   b - +0 shortbow
rCold   + . .      Faith    .   (shield currently unavailable)
rNeg    . . .      Spirit   .   s - +0 ring mail
rPois   +          Reflect  .   (helmet restricted)
rElec   +          Harm     .   (no cloak)
rCorr   +          Rampage  .   e - +0 pair of gloves
Will    .....                   (no boots)
Stlth   +.........              (no amulet)
HPRegen 0.13/turn               (no ring)
MPRegen 0.10/turn               (no ring)

@: resistant, very slow
A: antennae 1
a: Renounce Religion, Recall Undead Harvest


You were on level 4 of the Dungeon.
You worshipped Yredelemnul.
Yredelemnul was noncommittal.
You visited 1 branch of the dungeon, and saw 4 of its levels.

You collected 131 gold pieces.

Inventory:

Hand Weapons
 a - a +1 spear of venom
 b - a +0 shortbow (weapon)
 i - a +0 war axe
Missiles
 d - 14 arrows (quivered ammo)
 t - a throwing net
Armour
 e - a +0 pair of gloves (worn)
 s - a +0 ring mail (worn)
Wands
 l - a wand of iceblast (9)
Scrolls
 f - a scroll of teleportation {unknown}
 h - a scroll of vulnerability {unknown}
 k - a scroll of identify {unknown}
 m - a scroll of noise {unknown}
 n - a scroll of enchant armour {unknown}
 o - a scroll of magic mapping {unknown}
 p - a scroll of immolation {unknown}
 q - a scroll of fog {unknown}
Potions
 g - a potion of flight


   Skills:
 + Level 3.0 Fighting
 - Level 2.6 Axes
 + Level 2.7 Throwing
 + Level 1.7 Armour
 + Level 3.4 Dodging
 + Level 1.9 Invocations
 + Level 1.4 Evocations


You had 4 spell levels left.
You didn't know any spells.
Your spell library contained the following spells:

 Spells                   Type           Power      Damage    Failure   Level
 Sandblast                Erth           0%         2d4       63%         1
 Passwall                 Tmut/Erth      0%         N/A       77%         2
 Stone Arrow              Conj/Erth      0%         3d7       94%         3


Dungeon Overview and Level Annotations

Branches:
Dungeon (4/15)
 Temple: D:4-7

Altars:
Cheibriados
Hepliaklqana
Makhleb
Yredelemnul


Innate Abilities, Weirdness & Mutations

You have a pair of small antennae on your head.


Message History

The orc wizard flickers and vanishes!
Deactivating autopickup; reactivate with Ctrl-A.
The orc closely misses you.
You are too injured to fight recklessly!
You are too injured to fight recklessly!
You are too injured to fight recklessly!
You are too injured to fight recklessly!
You are too injured to fight recklessly!
Unknown command.
You hear some strange, mumbled words.
A puff of flame appears from out of thin air!
The puff of flame hits you.
* * * LOW HITPOINT WARNING * * *
You hear some strange, mumbled words.
You are confused.
You bump into the stone wall.
The scorpion barely misses you.
You hear some strange, mumbled words.
Something tries to affect you, but you resist.
It was a potion of resistance.
You feel protected.
You hear some strange, mumbled words.
A puff of flame appears from out of thin air!
The puff of flame hits you. You resist.
* * * LOW HITPOINT WARNING * * *
You are too confused!
You closely miss something. Something hits you.
* * * LOW HITPOINT WARNING * * *
You feel less confused. The hobgoblin closely misses you.
The hobgoblin misses you. The hobgoblin barely misses you.
You hear some strange, mumbled words.
Something tries to affect you, but you resist.
As you read the scroll labelled HUDE FUOSIWANO, it crumbles to dust.
You speak a Word of immense power!
You are blasted by holy energy!
* * * LOW HITPOINT WARNING * * *
Yredelemnul forgives your inadvertent holy act, just this once.
It was a scroll of holy word.
The hobgoblin hits you.
You die...
Your body rises from the dead as a mindless zombie.

###...## .. .###...#
... ## #...### ...≈
##....#>...≈
#..≈≈≈≈...≈ ##.≈##≈≈≈≈
##########
##≈≈##≈######.#≈.#?≈.#
##≈≈###.#.#o#..#.#(#.#
#.≈'..≈.≈@{.#o.≈.#g≈
#≈≈###.#.#g#.#..#.#.#
#≈≈##
######s.≈#..≈.#(≈
#.≈## #############
...≈ ..... ##.... ...#


You could see a scorpion, an orc and a hobgoblin.

Vanquished Creatures
  A centaur (D:3)
  An adder (D:3)
  3 gnolls (D:3)
  A worm (D:3)
  An orc (D:3)
  6 endoplasms
  2 giant cockroaches
  2 goblins (D:1)
  5 hobgoblins
  5 kobolds
  3 quokkas
  9 ball pythons
  6 bats
  5 frilled lizards
  10 rats
60 creatures vanquished.

Vanquished Creatures (others)
  An adder zombie (D:3)
  A bat zombie (D:3)
  A spectral endoplasm (D:3)
  4 toadstools (D:1)
7 creatures vanquished.

Grand Total: 67 creatures vanquished

Notes
Turn   | Place    | Note
-------+----------+-------------------------------------------
     0 | D:1      | flotson the Demonspawn Gladiator began the quest for the
                  | Orb.
     0 | D:1      | Reached XP level 1. HP: 16/16 MP: 1/1
   329 | D:1      | Gained mutation: You have a pair of small antennae on your
                  | head. [demonic ancestry]
   329 | D:1      | Reached XP level 2. HP: 22/22 MP: 2/2
  1120 | D:2      | Reached skill level 1 in Armour
  1361 | D:2      | Reached XP level 3. HP: 28/28 MP: 3/3
  1541 | D:2      | Found a faded altar of an unknown god.
  1549 | D:2      | Prayed at the altar of an unknown god.
  1549 | D:2      | Became a worshipper of Cheibriados the Contemplative
  1549 | D:2      | Reached * piety under Cheibriados
  2260 | D:3      | Reached ** piety under Cheibriados
  2312 | D:3      | Found a burning altar of Makhleb.
  2312 | D:3      | Found a hazy altar of Hepliaklqana.
  2312 | D:3      | Found a basalt altar of Yredelemnul.
  2320 | D:3      | Fell from the grace of Cheibriados
  2320 | D:3      | Became a worshipper of Yredelemnul the Dark
  2423 | D:3      | Noticed a centaur
  2834 | D:3      | Reached XP level 4. HP: 15/34 MP: 4/4
  3045 | D:3      | Killed a centaur
  3046 | D:3      | Reached skill level 1 in Invocations
  3046 | D:3      | Reached skill level 1 in Evocations
  3046 | D:3      | Reached XP level 5. HP: 16/40 MP: 4/6
  3266 | D:3      | HP: 1/40 [poisoned by a gnoll]
  3821 | D:4      | Slain by a hobgoblin

Illustrated notes

Levels and vault maps discovered:
D:1:      ldierk_water_garden, layout_basic, roderic_cross_of_infinity,
          chequers_serial_rivers_small_a
D:2:      layout_loops_ring, ebering_ecumenical_altar_rust
D:3:      layout_basic, chequers_temple_overflow_statue_of_worship
D:4:      layout_cave_pools, nicolae_overflow_squiral, zin_statuary,
          minmay_temple_entry_junction_2, minivault_23, minmay_manual_mullet

Skill      XL: |  1  2  3  4  5 |
---------------+----------------+-----
Throwing       | 2 |  2.7
Dodging        | 3 |  3.4
Armour         | 1 |  1.7
Invocations    | 1 |  1.9
Evocations     | 1 |  1.4
Fighting       | 3 |  3.0
Axes           | |  2.6

Action                   |  1- 3 |  4- 6 || total
-------------------------+-------+-------++-------
Melee: War axe           |   136 |     6 ||   142
       Shortbow          |       |     1 ||     1
 Fire: Shortbow          |       |    22 ||    22
Throw: Throwing net      |     2 |     1 ||     3
  Use: Potion            |     2 |     5 ||     7
       Scroll            |       |     1 ||     1
 Stab: Sleeping          |     1 |       ||     1
Armor: Leather armour    |    44 |       ||    44
       Ring mail         |     6 |     9 ||    15
Dodge: Dodged            |   114 |    25 ||   139

Table legend: (Time is in decaauts)
 A = Elapsed time spent in this place.
 B = Non-inter-level travel time spent in this place.
 C = Inter-level travel time spent in this place.
 D = Time resting spent in this place.
 E = Time spent auto-exploring this place.
 F = Levels seen in this place.
 G = Mean time per level.
                   A        B        C        D        E       F      G
               +--------+--------+--------+--------+--------+-----+--------+
         Total |   4374 |   4248 |    126 |    497 |   3144 |   4 | 1093.5 |
       Dungeon |   4374 |   4248 |    126 |    497 |   3144 |   4 | 1093.5 |
               +--------+--------+--------+--------+--------+-----+--------+

Top non-repeatable levels by time:
     D:3: 1798 daAuts
     D:2: 1363 daAuts
     D:1: 1105 daAuts
     D:4: 107 daAuts
